 Dungeon Crawl Stone Soup version 0.27-a0-732-ga892ba84f6 (webtiles) character file.

Game seed: 15925805137906557973

588 dracos369 the Magician (level 7, -1/45 HPs)
             Began as a Djinni Air Elementalist on Mar 23, 2021.
             Was an Initiate of Dithmenos.
             Slain by a worker ant zombie (5 damage)
             ... on level 5 of the Dungeon.
             The game lasted 00:14:28 (5734 turns).

dracos369 the Magician (Djinni Air Elementalist)    Turns: 5734, Time: 00:14:29

Health: -1/45      AC:  3    Str:  8    XL:     7   Next: 38%
Magic:  0/0        EV: 12    Int: 18    God:    Dithmenos [......]
Gold:   238        SH:  0    Dex: 13    Spells: 0/20 levels left

rFire    + + .     SeeInvis +   w - +0 demon trident (venom)
rCold    x . .     Faith    .   (no shield)
rNeg     . . .     Spirit   .   r - +0 robe
rPois    ∞         Reflect  .   (no helmet)
rElec    .         Harm     .   j - scarf {shadows}
rCorr    .         Rampage  .   c - +0 pair of gloves
Will     .....                  (boots unavailable)
Stlth    ++........             (no amulet)
HPRegen  0.15/turn              d - ring of see invisible
MPRegen  0.00/turn              (no ring)

@: flying
A: fire resistance 2, cold vulnerability 1, float, innate caster, hp casting,
extra vitality 1
a: Renounce Religion


You were on level 5 of the Dungeon.
You worshipped Dithmenos.
Dithmenos was noncommittal.
You visited 2 branches of the dungeon, and saw 6 of its levels.

You collected 238 gold pieces.

Inventory:

Hand Weapons
 w - a +0 demon trident of venom (weapon)
Missiles
 a - 6 boomerangs of dispersal
Armour
 c - a +0 pair of gloves (worn)
 j - a scarf of shadows (worn)
 r - a +0 robe (worn)
Jewellery
 d - a ring of see invisible (right hand)
 i - a ring of protection from fire
 v - an amulet of the acrobat
Wands
 e - a wand of random effects (19)
 u - a wand of paralysis (8)
Scrolls
 f - 2 scrolls of teleportation {unknown}
 g - a scroll of enchant armour {unknown}
 k - a scroll of amnesia {unknown}
 m - 3 scrolls of vulnerability {unknown}
 q - a scroll of magic mapping {unknown}
 s - 2 scrolls of identify {unknown}
Potions
 b - 2 potions of curing {unknown}
 h - a potion of degeneration {unknown}
 l - a potion of cancellation {unknown}
 n - a potion of heal wounds
 p - a potion of flight {unknown}


   Skills:
 + Level 0.4 Polearms
 - Level 2.1 Dodging
 - Level 1.5 Stealth
 + Level 7.0 Spellcasting


You couldn't memorise any spells.
You knew the following spells:

 Your Spells              Type           Power      Damage    Failure   Level
a - Airstrike             Air            15%        N/A       6%          4
b - Lightning Bolt        Conj/Air       15%        1d29      17%         5
c - Slow                  Hex            31%        N/A       1%          2
d - Static Discharge      Conj/Air       31%        N/A       1%          3
e - Call Canine Familiar  Summ           31%        N/A       1%          3
m - Magic Dart            Conj           100%       1d8       1%          1
z - Shock                 Conj/Air       100%       1d9       1%          1
S - Swiftness             Air            31%        N/A       1%          2
Your spell library was empty.

Dungeon Overview and Level Annotations

Branches:
Dungeon (5/15)             Temple (1/1) D:4

Altars:
Ashenzari
Cheibriados
Dithmenos
Elyvilon
Fedhas
Gozag
Hepliaklqana
Kikubaaqudgha
Makhleb
Nemelex Xobeh
Okawaru
Qazlal
Ru
Sif Muna
Trog
Uskayaw
Vehumet
Wu Jian
Xom
Yredelemnul
Zin
The Shining One


Innate Abilities, Weirdness & Mutations

You are immune to poison.
Your flesh is very heat resistant. (rF++)
You are vulnerable to cold. (rC-)
You float through the air rather than walking.
You learn spells naturally, not from books.
Your magical power is your life essence.
You have superior vitality. (+4 HP)


Message History

Casting: Shock (safe; 1% risk of failure)
Confirm with . or Enter, or press ? or * to list all spells.
You don't know that spell.
Casting: Shock (safe; 1% risk of failure)
Confirm with . or Enter, or press ? or * to list all spells.
The worker ant zombie is struck by an arc of lightning.
The worker ant zombie is moderately damaged.
The lightning grounds out.
* * * LOW HITPOINT WARNING * * *
Unknown command.
Casting: Static Discharge (safe; 1% risk of failure)
Confirm with . or Enter, or press ? or * to list all spells.
The orc wizard is struck by an arc of lightning!
You kill the orc wizard!
Dithmenos accepts your kill.
The lightning grounds out.
The orc is struck by an arc of lightning.
The orc is heavily wounded.
The worker ant zombie is struck by an arc of lightning.
The worker ant zombie is heavily damaged.
The lightning grounds out.
* * * LOW HITPOINT WARNING * * *
The orc hits you with a +0 dagger.
* * * LOW HITPOINT WARNING * * *
Your Spellcasting skill increases to level 7!
Unknown command.
You puncture the worker ant zombie!
The worker ant zombie is severely damaged.
You closely miss the orc.
The orc is heavily wounded.
You puncture the orc!
You kill the orc!
Dithmenos accepts your kill. The worker ant zombie bites you.
* * * LOW HITPOINT WARNING * * *
You hear the slow rusting of a distant drain.
Found 4 gold pieces.
You see here 4 gold pieces.
The worker ant zombie bites you.
You die...

................
.###..........#. ...#
#........#.#.
####..###........##...
##..#......##.##.####..
#......##..#.......##..
#......##..##..........
#.........##.......##..
##@.........#######
#..Z....#...#
###$######..# #.# ...#
### #..## .... .#


You could see a worker ant zombie.

Vanquished Creatures
  Sigmund (D:3)
  An ogre (D:4)
  A howler monkey (D:4)
  3 hounds (D:4)
  An iguana (D:3)
  Jessica (D:2)
  An orc wizard (D:5)
  A worker ant (D:5)
  5 adders
  A dart slug (D:2)
  3 orcs
  2 giant cockroaches
  6 goblins
  6 hobgoblins
  10 jackals
  7 oozes
  3 quokkas
  6 ball pythons
  4 bats
  3 frilled lizards
  A jackal skeleton (D:4)
  6 kobolds
  4 rats
77 creatures vanquished.

Notes
Turn   | Place    | Note
-------+----------+-------------------------------------------
     0 | D:1      | dracos369 the Djinni Air Elementalist began the quest for
                  | the Orb.
     0 | D:1      | Reached XP level 1. HP: 15/15 MP: 0/0
   209 | D:1      | Reached skill level 3 in Spellcasting
   210 | D:1      | Reached XP level 2. HP: 16/21 MP: 0/0
  1081 | D:2      | Reached XP level 3. HP: 23/25 MP: 0/0
  1081 | D:2      | Learned a level 1 spell: Magic Dart
  1655 | D:2      | Reached skill level 4 in Spellcasting
  1658 | D:2      | Reached XP level 4. HP: 24/31 MP: 0/0
  1811 | D:2      | Noticed Jessica
  1815 | D:2      | Killed Jessica
  2976 | D:3      | Noticed Sigmund
  2992 | D:3      | Reached XP level 5. HP: 13/35 MP: 0/0
  2992 | D:3      | Learned a level 2 spell: Slow
  3241 | D:3      | Killed Sigmund
  3242 | D:3      | Reached skill level 5 in Spellcasting
  3242 | D:3      | Reached XP level 6. HP: 2/40 MP: 0/0
  3660 | D:3      | Found a glowing golden altar of the Shining One.
  4164 | D:3      | Reached skill level 6 in Spellcasting
  4584 | D:4      | Found a staircase to the Ecumenical Temple.
  4591 | Temple   | Entered the Ecumenical Temple
  4598 | Temple   | Became a worshipper of Dithmenos the Shadowed
  5093 | D:4      | Reached XP level 7. HP: 39/45 MP: 0/0
  5093 | D:4      | Learned a level 3 spell: Call Canine Familiar
  5590 | D:4      | Found a shimmering altar of Xom.
  5672 | D:5      | Entered Level 5 of the Dungeon
  5709 | D:5      | Reached skill level 7 in Spellcasting
  5713 | D:5      | HP: 1/45 [worker ant zombie (5)]
  5734 | D:5      | Slain by a worker ant zombie

Illustrated notes

Levels and vault maps discovered:
D:1:      dpeg_arrival_shelter, layout_basic
D:2:      minmay_inner_zag, layout_loops_ring, chequers_serial_rivers_small_3,
          minmay_tromino_mix6, uniq_jessica
D:3:      layout_basic, serial_curves, eino_curves_01, eino_curves_01,
          hangedman_abyss_or_decor_lesser_grid, kennysheep_crisscross,
          tso_altar, uniq_sigmund
D:4:      layout_loops_ring, xom_butterflies, minmay_temple_entry_mini_moons,
          nrook_loot_triangle
D:5:      layout_cave_pools, gup_sewer_entry_bowl, chequers_serial_rivers_room_b
Temple:   compressed_dpeg_triangle_lava_temple

Skill      XL: |  1  2  3  4  5  6  7 |
---------------+----------------------+-----
Spellcasting   | 3 4 5 6 7 |  7.0
Polearms       | |  0.4
Dodging        | |  2.1
Stealth        | |  1.5

Action                   |  1- 3 |  4- 6 |  7- 9 || total
-------------------------+-------+-------+-------++-------
Melee: Dagger            |    11 |    72 |       ||    83
       Demon trident     |       |       |    36 ||    36
 Cast: Shock             |    64 |    44 |     3 ||   111
       Static Discharge  |     1 |       |     2 ||     3
  Use: Potion            |       |     2 |     1 ||     3
 Stab: Sleeping          |       |    10 |       ||    10
       Distracted        |       |     1 |       ||     1
Armor: Robe              |    12 |     9 |     3 ||    24
Dodge: Dodged            |    21 |    43 |    19 ||    83

Table legend: (Time is in decaauts)
 A = Elapsed time spent in this place.
 B = Non-inter-level travel time spent in this place.
 C = Inter-level travel time spent in this place.
 D = Time resting spent in this place.
 E = Time spent auto-exploring this place.
 F = Levels seen in this place.
 G = Mean time per level.
                   A        B        C        D        E       F      G
               +--------+--------+--------+--------+--------+-----+--------+
         Total |   5744 |   5488 |    256 |   1168 |   3670 |   6 |  957.3 |
       Dungeon |   5406 |   5180 |    226 |   1168 |   3402 |   5 | 1081.2 |
        Temple |    337 |    307 |     30 |      0 |    268 |   1 |  337.0 |
               +--------+--------+--------+--------+--------+-----+--------+

Top non-repeatable levels by time:
     D:2: 1787 daAuts
     D:3: 1605 daAuts
     D:1: 1158 daAuts
     D:4: 789 daAuts
  Temple: 337 daAuts
     D:5: 66 daAuts
